AoeStats
← 烏雲中

Arena

507967671Analyzed
1v1 RM · 12d ago on Sep 20, 2026· 21m 16s· 2 players
Game mode
Random Map
Map size
Tiny (2 player)
Population
200
Speed
Normal
Resources
Standard
Victory
Conquest
Starting age
Dark Age
Ending age
Imperial Age
RankedLock teamsTeams togetherTeam positionsShared explorationLock speedFull tech treeHidden civsTurbo modeCheats
Victory
Defeat
🇹🇼 Celts · Taiwan
1105
+17
🇦🇷 Slavs · Argentina
1122
-17
烏雲中
10:41 Feudal Age
11:54 Loom
15:19 Castle Age
13:27 Scale Mail Armor
12:50 Man-at-Arms
13:40 Double-Bit Axe
13:47 Horse Collar
16:01 Gambesons
16:22 Arson
HENDRIXarg2502
10:50 Feudal Age
14:33 Castle Age
13:10 Double-Bit Axe
13:30 Horse Collar
15:25 Light Cavalry
Connection lost

Rejoining the realm…

Still unreachable

The connection could not be restored.

Session expired

The server has moved on; the page needs a fresh start.